 Dungeon Crawl Stone Soup version 0.31-a0-803-g95b03c3367 (webtiles) character file.

Game seed: 14046146324491289653

1246 night the Ruffian (level 8, 0/59 HPs)
             Began as a White Draconian Shapeshifter on Sept 21, 2023.
             Was an Elder of Makhleb.
             Killed from afar by a steam dragon (13 damage)
             ... with a ball of steam
             ... on level 5 of the Dungeon.
             The game lasted 00:11:01 (5214 turns).

night the Ruffian (White Draconian Shapeshifter)    Turns: 5214, Time: 00:11:01

Health: 0/59       AC:  6    Str: 16    XL:     8   Next: 25%
Magic:  0/11       EV: 12    Int: 14    God:    Makhleb [****..]
Gold:   606        SH:  0    Dex: 10    Spells: 7/7 levels left

rFire   . .          .
                       - Unarmed
rCold   + . .        (no shield)
rNeg    . . .        (body armour unavailable)
rPois   .            (helmet currently unavailable)
rElec   .            (cloak currently unavailable)
rCorr   .            z - melded +1 pair of gloves
SInv    +            (boots currently unavailable)
Will    .....        p - amulet of guardian spirit
Stlth   +            t - ring of see invisible
HPRegen 0.29/turn    v - ring of wizardry
MPRegen 0.12/turn

%: guardian spirit, wizardry (x1)
@: beast-form
A: beast (slay +3), breathe frost, AC +6, unfitting armour, cold resistance 1,
cold-blooded
a: Breathe Frost, Begin Untransformation, Renounce Religion, Minor Destruction,
Lesser Servant of Makhleb, Major Destruction


You were on level 5 of the Dungeon.
You worshipped Makhleb.
Makhleb was greatly pleased with you.
You were a hulking beast.
You visited 2 branches of the dungeon, and saw 6 of its levels.
You also visited: Ossuary.

You collected 606 gold pieces.

Inventory:

Missiles
 e - 6 atropa-tipped darts
 g - 47 stones
 x - 2 poisoned darts
 A - 3 boomerangs
Armour
 z - a +1 pair of gloves (melded)
Jewellery
 p - an amulet of guardian spirit (around neck)
 t - a ring of see invisible (left hand)
 v - a ring of wizardry (right hand)
Talismans
 b - a beast talisman (active)
 c - a flux talisman
 i - a serpent talisman
Wands
 l - a wand of quicksilver (10)
Scrolls
 a - a scroll of vulnerability {unknown}
 f - a scroll of blinking
 k - a scroll of teleportation {unknown}
 m - a scroll of summoning {unknown}
 n - a scroll of silence {unknown}
 o - a scroll of fear
 s - a scroll of revelation {unknown}
 u - a scroll of enchant armour {unknown}
 w - 2 scrolls of brand weapon {unknown}
 y - a scroll of amnesia {unknown}
 C - 2 scrolls of enchant weapon {unknown}
Potions
 d - a potion of magic {unknown}
 h - a potion of might {unknown}
 j - 2 potions of brilliance {unknown}
 q - 2 potions of curing {unknown}
 r - a potion of heal wounds {unknown}
 B - a potion of enlightenment {unknown}


   Skills:
 - Level 1.1 Fighting
 - Level 1.7 Dodging
 * Level 7.7 Unarmed Combat
 + Level 5.1 Invocations
 + Level 5.4 Shapeshifting


You had 7 spell levels left.
You didn't know any spells.
Your spell library contained the following spells:

 Spells                   Type           Power      Damage    Failure   Level
 Poisonous Vapours        Pois/Air       0%         N/A       17%         2
 Mephitic Cloud           Conj/Pois/Air  0%         N/A       32%         3
 Brom's Barrelling Bould  Conj/Erth      0%         2d3       71%         4
 Summon Ice Beast         Ice/Summ       0%         N/A       71%         4
 Fireball                 Conj/Fire      0%         3d3       95%         5
 Freezing Cloud           Conj/Ice/Air   0%         6-21      95%         5
 Iskenderun's Battlesphe  Conj           0%         2d6       95%         5
 Summon Mana Viper        Hex/Summ       0%         N/A       95%         5
 Conjure Ball Lightning   Conj/Air       0%         3x3d6     100%        6
 Monstrous Menagerie      Summ           0%         N/A       100%        7
 Orb of Destruction       Conj           0%         9d5       100%        7


Dungeon Overview and Level Annotations

Branches:
Dungeon (5/15)             Temple (1/1) D:5         Ossuary (visited)

Altars:
Ashenzari
Cheibriados
Dithmenos
Gozag
Kikubaaqudgha
Makhleb
Qazlal
Ru
Sif Muna
Uskayaw
Wu Jian
Xom
Yredelemnul
Zin

Shops:
D:1 (   D:4 [


Innate Abilities, Weirdness & Mutations

You are a hulking beast.
Your limbs bulge with bestial killing power. (Slay +3)
You can breathe waves of freezing cold which knock back foes.
Your icy white scales are hard. (AC +6)
You cannot fit into any form of body armour.
Your flesh is cold resistant. (rC+)
You are cold-blooded and may be slowed by cold attacks.


Message History

The steam dragon breathes steam at you. The ball of steam hits you!
The steam dragon breathes steam at you.
The ball of steam hits the fungus!
The fungus begins to die.
The ball of steam hits the fungus!
The fungus begins to die.
The ball of steam hits you!!
The fungus is engulfed in a cloud of scalding steam. x2
The fungus is engulfed in a cloud of scalding steam.
You closely miss the steam dragon.
A nearby fungus withers and dies.
The steam dragon breathes steam at you. The ball of steam misses you.
You barely miss the steam dragon.
You tail-slap the steam dragon, but do no damage.
You are engulfed in a cloud of scalding steam.
A nearby fungus withers and dies.
The steam dragon barely misses you. The steam dragon closely misses you.
You hit the steam dragon but do no damage.
Your punch misses the steam dragon.
You are engulfed in a cloud of scalding steam.
The steam dragon bites you but does no damage.
The steam dragon claws you.
You hit the steam dragon but do no damage.
Your punch misses the steam dragon. You hit the steam dragon.
The steam dragon is moderately wounded.
The steam dragon barely misses you. x2
You hit the steam dragon.
The steam dragon is moderately wounded.
The steam dragon breathes steam at you. The ball of steam hits you!
* * * LOW HITPOINT WARNING * * *
You hit the steam dragon but do no damage.
The steam dragon is moderately wounded.
You are engulfed in a cloud of scalding steam.
The steam dragon barely misses you. x2
You punch the steam dragon!
The steam dragon is severely wounded.
The steam dragon breathes steam at you. The ball of steam hits you!
You die...

...####.##..P#########.###'######
.........#P.P#.........#........#
~~.......#..P##........#........#
.........#..~.#........#........#
~........#^..~##.......#........#
.~#####.##~.~P^#..###.###.###.###
......#.#P~....#..###.###.###.# #
......#.#~~..D^#..............#
......###....h.##.............#
......#......ยง................#
......#~...###...###'###..#####
#..>..#~...###...###.###..####
#.....~โ‰ˆ.....................#
#....โ‰ˆ~......................#
#.....โ‰ˆ#######..>.##.############
......~............####..........
.....~~............#..'..........


You could see a steam dragon (catching breath).

Vanquished Creatures
  Sigmund (D:5)
  An ice beast (D:4)
  2 phantoms
  A bullfrog (D:5)
  A scorpion (D:4)
  3 centaur zombies
  2 human zombies (D:5)
  2 orc priests (D:4)
  A jelly (D:5)
  A hound (D:3)
  2 sleepcaps
  An orc wizard (D:4)
  3 hound zombies (D:5)
  2 mummies (Ossuary)
  Robin (D:3)
  4 gnolls (D:4)
  11 adders
  A white imp (D:5)
  2 adder zombies (D:5)
  3 worms
  4 dart slugs
  10 orcs
  8 ball pythons
  2 endoplasms
  3 giant cockroaches
  4 gnoll zombies (Ossuary)
  15 goblins
  10 hobgoblins
  5 jackals
  6 quokkas
  11 bats
  A frilled lizard (D:1)
  6 goblin zombies (Ossuary)
  A hobgoblin zombie (Ossuary)
  5 kobolds
  3 orc skeletons (D:5)
  2 orc zombies
  3 rats
144 creatures vanquished.

Notes
Turn   | Place    | Note
-------+----------+-------------------------------------------
     0 | D:1      | night the Draconian Shapeshifter began the quest for the
                  | Orb.
     0 | D:1      | Reached XP level 1. HP: 16/16 MP: 1/1
   315 | D:1      | Found Gaicvyig's Weapon Emporium.
   350 | D:1      | Found a faded altar of an unknown god.
   358 | D:1      | Prayed at the altar of an unknown god.
   358 | D:1      | Became a worshipper of Makhleb the Destroyer
   358 | D:1      | Reached * piety under Makhleb
   485 | D:1      | Reached XP level 2. HP: 22/23 MP: 2/2
   973 | D:2      | Reached XP level 3. HP: 27/28 MP: 3/3
  1011 | D:2      | Reached skill level 1 in Invocations
  1065 | D:2      | Reached skill level 4 in Unarmed Combat
  1131 | D:2      | Reached ** piety under Makhleb
  1419 | D:2      | Reached XP level 4. HP: 35/35 MP: 5/5
  1824 | D:3      | Found a sacrificial altar of Ru.
  1994 | D:3      | Found a glowing silver altar of Zin.
  1997 | D:3      | Found a burning altar of Makhleb.
  1999 | D:3      | Noticed a cacodemon
  2001 | D:3      | Noticed an angel
  2073 | D:3      | Reached skill level 2 in Invocations
  2073 | D:3      | Reached XP level 5. HP: 31/40 MP: 6/6
  2302 | D:3      | Reached *** piety under Makhleb
  2316 | D:3      | Noticed Robin
  2318 | D:3      | Killed Robin
  2643 | D:4      | Found Boddyhoc's Antique Armour Emporium.
  2685 | D:4      | Reached skill level 5 in Unarmed Combat
  2984 | D:4      | Reached XP level 6. HP: 17/47 MP: 2/8
  3012 | D:4      | Noticed an ice beast
  3020 | D:4      | HP: 1/47 [ice beast (10)]
  3022 | D:4      | Killed an ice beast
  3386 | D:4      | Reached skill level 6 in Unarmed Combat
  3452 | D:4      | Found a broken altar of Ashenzari.
  3560 | D:4      | Your scales start taking on an icy white colour.
  3560 | D:4      | Reached XP level 7. HP: 30/52 MP: 3/9
  3560 | D:4      | Gained mutation: Your flesh is cold resistant. (rC+) [White
                  | Draconian growth]
  3648 | D:4      | Found an ancient bone altar of Kikubaaqudgha.
  3710 | D:4      | Reached **** piety under Makhleb
  3952 | D:5      | Entered Level 5 of the Dungeon
  4081 | D:5      | Found a sand-covered staircase.
  4089 | Ossuary  | Entered an ossuary
  4271 | D:5      | Reached skill level 7 in Unarmed Combat
  4271 | D:5      | Reached skill level 5 in Shapeshifting
  4400 | D:5      | Noticed Sigmund
  4408 | D:5      | Killed Sigmund
  4409 | D:5      | Reached XP level 8. HP: 55/59 MP: 9/11
  4524 | D:5      | Found a staircase to the Ecumenical Temple.
  4540 | Temple   | Entered the Ecumenical Temple
  4710 | D:5      | Reached skill level 5 in Invocations
  4716 | D:5      | Found a basalt altar of Yredelemnul.
  5214 | D:5      | Killed from afar by a steam dragon

Illustrated notes

Levels and vault maps discovered:
D:1:      tarquinn_simple_flora_water_b, layout_loops_corners,
          ebering_ecumenical_altar_mist, serial_shops, shop
D:2:      layout_basic, kennysheep_boxes
D:3:      kennysheep_goblin_castle, layout_loops_ring,
          grunt_temple_overflow_order_and_chaos_2,
          nicolae_ru_sacrificial_ziggurat, grunt_ministairs_2,
          kennysheep_big_empty_room
D:4:      layout_basic, amcnicky_altar_gilded, lemuel_doored_altar,
          serial_shops, nicolae_stop_n_shop_1
D:5:      kennysheep_steamy, layout_gridville, nicolae_yredelemnul_corpse_copse,
          minmay_temple_entry_butterflies, nicolae_ossuary_entry_catacombs,
          serial_rivers, chequers_serial_rivers_micro_a,
          chequers_serial_rivers_small_a, chequers_serial_rivers_room_a,
          chequers_serial_rivers_small_3, chequers_serial_rivers_micro_c,
          kennysheep_potato, uniq_sigmund
Temple:   nicolae_temple_ecumenical_triangle

Skill      XL: |  1  2  3  4  5  6  7  8 |
---------------+-------------------------+-----
Invocations    | 1 2 3 4 5 |  5.1
Unarmed Combat | 4 5 6 7 |  7.7
Shapeshifting  | 4 5 |  5.4
Fighting       | |  1.1
Dodging        | |  1.7

Action                     |  1- 3 |  4- 6 |  7- 9 || total
---------------------------+-------+-------+-------++-------
  Melee: Unarmed           |    99 |   185 |   189 ||   473
         Tailslap          |     7 |    24 |    27 ||    58
         Punch             |     3 |     6 |     8 ||    17
  Throw: Stone             |     4 |       |       ||     4
Ability: Begin Untransform |       |     1 |       ||     1
         Breathe Frost     |       |       |     1 ||     1
    Use: Scroll            |     2 |       |     2 ||     4
         Potion            |       |     1 |       ||     1
   Stab: Sleeping          |       |     1 |     1 ||     2
 Armour: Skin              |    76 |    81 |   124 ||   281
  Dodge: Dodged            |    78 |    89 |    88 ||   255
   Form: Anaconda          |       |     1 |       ||     1
         Beast             |       |     1 |       ||     1

Table legend: (Time is in decaauts)
 A = Elapsed time spent in this place.
 B = Non-inter-level travel time spent in this place.
 C = Inter-level travel time spent in this place.
 D = Time resting spent in this place.
 E = Time spent auto-exploring this place.
 F = Levels seen in this place.
 G = Mean time per level.
                   A        B        C        D        E       F      G
               +--------+--------+--------+--------+--------+-----+--------+
         Total |   5171 |   5010 |    161 |    420 |   3496 |   7 |  738.7 |
       Dungeon |   5015 |   4854 |    161 |    420 |   3435 |   5 | 1003.0 |
        Temple |      1 |      1 |      0 |      0 |      0 |   1 |    1.0 |
       Ossuary |    154 |    154 |      0 |      0 |     61 |   1 |  154.0 |
               +--------+--------+--------+--------+--------+-----+--------+

Top non-repeatable levels by time:
     D:4: 1299 daAuts
     D:5: 1087 daAuts
     D:3: 993 daAuts
     D:1: 942 daAuts
     D:2: 693 daAuts
 Ossuary: 154 daAuts
  Temple: 1 daAuts
